 Dungeon Crawl Stone Soup version 0.18.1-50-g88ac8fd (webtiles) character file.

301 varam the Sneak (level 6, -6/39 HPs)
             Began as a Halfling Assassin on Oct 22, 2016.
             Mangled by an ice beast (12 damage)
             ... on level 4 of the Dungeon.
             The game lasted 00:11:11 (4070 turns).

varam the Sneak (Halfling Assassin)                 Turns: 4070, Time: 00:11:11

Health: -6/39      AC:  4    Str: 13    XL:     6   Next: 64%
Magic:  6/6        EV: 14    Int: 10    God:
Gold:   187        SH:  0    Dex: 16    Spells: 0 memorised, 5 levels left

rFire  . . .     SeeInvis .     w - +1 short sword (venom)
rCold  . . .     Gourm    .     c - +0 robe
rNeg   . . .     Faith    .     (shield restricted)
rPois  .         Spirit   .     (no helmet)
rElec  .         Dismiss  .     d - +0 cloak
rCorr  .         Reflect  .     (no gloves)
SustAt .         Harm     .     n - +0 pair of boots
MR     .....                    (no amulet)
Stlth  ++++......               (no ring)
                                (no ring)

@: not resistant to hostile enchantments, stealthy
A: mutation resistance 1
a: no special abilities


You were on level 4 of the Dungeon.
You were not hungry.

You visited 1 branch of the dungeon, and saw 5 of its levels.

You collected 187 gold pieces.

Inventory:

Hand Weapons
 a - a +2 dagger
 q - a +2 hunting sling of velocity
 w - a +1 short sword of venom (weapon)
 x - a +0 blowgun
Missiles
 e - 17 poisoned needles
 y - 79 stones (quivered)
Armour
 c - a +0 robe (worn)
 d - a +0 cloak (worn)
 n - a +0 pair of boots (worn)
Jewellery
 i - an uncursed ring of poison resistance {unknown}
 t - an uncursed ring of flight {unknown}
 u - an uncursed amulet of magic regeneration {unknown}
Scrolls
 k - a scroll of enchant armour {unknown}
 l - a scroll of immolation {unknown}
 m - 4 scrolls of teleportation {unknown}
 o - 3 scrolls of identify {unknown}
 r - a scroll of fog {unknown}
 s - a scroll of blinking {unknown}
 D - a scroll of magic mapping {unknown}
 E - a scroll of recharging {unknown}
Potions
 b - a potion of might {unknown}
 h - a potion of curing {unknown}
 j - 2 potions of cure mutation {unknown}
 p - a potion of haste {unknown}
 v - a potion of cancellation {unknown}
 z - 2 potions of degeneration {unknown}
 A - a potion of flight {unknown}
 B - a potion of beneficial mutation {unknown}
 C - a potion of ambrosia {unknown}
 F - a potion of agility {unknown}
Comestibles
 f - a slice of pizza
 g - 4 bread rations


   Skills:
 - Level 1.7 Fighting
 + Level 6.1 Short Blades
 + Level 0.8(2.0) Slings
 - Level 2.1(2.2) Throwing
 - Level 1.1 Dodging
 + Level 7.0 Stealth


You had 5 spell levels left.
You didn't know any spells.

Dungeon Overview and Level Annotations

Branches:
Dungeon (5/15)
 Temple: D:4-7

Altars:
Makhleb

Shops:
D:4 ?

Annotations:
D:3 varam's ghost, amateur GrMo
D:4 varam's ghost, amateur MfSk


Innate Abilities, Weirdness & Mutations

You are small and have problems with some larger weapons.
You are somewhat resistant to further mutation.


Message History

You hit the ice beast but do no damage.
The ice beast is severely wounded.
The ice beast misses you.
You hit the ice beast but do no damage.
The ice beast is severely wounded.
The ice beast barely misses you.
You hit the ice beast.
The ice beast is severely wounded.
The ice beast misses you.
You hit the ice beast but do no damage.
The ice beast is severely wounded.
You barely miss the ice beast.
The ice beast is severely wounded.
The ice beast barely misses you.
You hit the ice beast.
The ice beast is almost dead.
The ice beast hits you.
* * * LOW HITPOINT WARNING * * *
The ice beast freezes you!
You die...

###.##.##.....#
#..#.######.######
#.#(# #.#....#
#..(# ##'#....#
##.(# #..[....#
#.># #.......#
##.# ###....####
#Y# #......# #@#
#....###
#.###....#
#...'....#
#####...## #####


You could see an ice beast.

Vanquished Creatures
  A quasit (D:5)
  An iguana (D:5)
  Ijyb (D:2)
  2 worker ants
  A hound skeleton (D:5)
  A worker ant zombie (D:5)
  4 adders
  3 gnolls (D:2)
  2 worms (D:3)
  3 dart slugs
  A giant gecko (D:3)
  2 orcs (D:3)
  6 giant cockroaches
  10 goblins
  5 hobgoblins
  2 jackals (D:2)
  3 quokkas
  2 ball pythons (D:2)
  13 bats
  2 giant newts
  5 kobolds
  6 rats
76 creatures vanquished.

Notes
Turn   | Place    | Note
--------------------------------------------------------------
     0 | D:1      | varam the Halfling Assassin began the quest for the Orb.
     0 | D:1      | Reached XP level 1. HP: 14/14 MP: 1/1
   197 | D:1      | Reached XP level 2. HP: 19/19 MP: 2/2
   962 | D:1      | Reached XP level 3. HP: 24/24 MP: 3/3
  1124 | D:1      | Reached skill level 5 in Stealth
  1371 | D:2      | Found a faded altar to an unknown god.
  1420 | D:2      | Found a burning altar of Makhleb.
  1591 | D:2      | Noticed Ijyb
  1612 | D:2      | Killed Ijyb
  1612 | D:2      | Reached XP level 4. HP: 27/29 MP: 4/4
  2487 | D:2      | Reached XP level 5. HP: 26/34 MP: 5/5
  2490 | D:2      | Reached skill level 6 in Stealth
  2965 | D:3      | Reached skill level 5 in Short Blades
  3350 | D:3      | Noticed varam's ghost (amateur GrMo)
  3481 | D:4      | Found Jemaf's Magic Scroll Shoppe.
  3488 | D:4      | Noticed varam's ghost (amateur MfSk)
  3496 | D:5      | Entered Level 5 of the Dungeon
  3496 | D:5      | Noticed a gargoyle
  3545 | D:4      | Noticed an ice beast
  3570 | D:4      | You fall through a shaft!
  3818 | D:5      | Reached XP level 6. HP: 39/39 MP: 6/6
  3979 | D:5      | Reached skill level 7 in Stealth
  4070 | D:4      | Mangled by an ice beast

Skill      XL: |  1  2  3  4  5  6 |
---------------+-------------------+-----
Short Blades   | 3 4 5 6 |  6.1
Stealth        | 5 6 7 |  7.0
Fighting       | |  1.7
Slings         | |  0.8
Throwing       | |  2.1
Dodging        | |  1.1

Action                   |  1- 3 |  4- 6 || total
-------------------------+-------+-------++-------
Melee: Dagger            |    20 |       ||    20
       Short sword       |    60 |   121 ||   181
 Fire: Hunting sling     |       |    10 ||    10
       Blowgun           |       |     4 ||     4
Throw: Stone             |       |     1 ||     1
 Stab: Sleeping          |     6 |    12 ||    18
  Eat: Chunk             |     2 |     3 ||     5
       Meat ration       |       |     1 ||     1
Armor: Robe              |    17 |    30 ||    47
Dodge: Dodged            |    43 |    87 ||   130
